 Dungeon Crawl Stone Soup version 0.31-a0-182-gc5ef74bbde (webtiles) character file.

Game seed: 610372592625522712

88 qw the Chopper (level 4, 0/28 HPs)
             Began as a Gargoyle Fighter on June 21, 2023.
             Splashed by a jelly's acid (12 damage)
             ... on level 3 of the Dungeon.
             The game lasted 00:00:52 (1455 turns).

qw the Chopper (Gargoyle Fighter)                   Turns: 1455, Time: 00:00:53

Health: 0/28       AC: 12    Str: 21    XL:     4   Next: 54%
Magic:  4/4        EV:  7    Int:  9    God:
Gold:   78         SH:  4    Dex:  9    Spells: 3/3 levels left

rFire   . . .        Y - +0 war axe
rCold   . . .        c - +0 buckler
rNeg    + . .        e - +0 chain mail
rPois   inf          (no helmet)
rElec   +            (no cloak)
rCorr   .            (no gloves)
SInv    .            (no boots)
Will    .....        (no amulet) Stlth
                     (no ring)
HPRegen 0.24/turn    (no ring)
MPRegen 0.09/turn

%: no passive effects
@: no status effects
A: sickness immunity, AC +3, negative energy resistance 1, electricity
resistance, torment resistance 1, petrification resistance
a: no special abilities


You were on level 3 of the Dungeon.
You visited 1 branch of the dungeon, and saw 3 of its levels.

You collected 78 gold pieces.


Innate Abilities, Weirdness & Mutations

You are immune to sickness and miasma.
Your stone body is resilient. (AC +3)
You are immune to poison.
You resist negative energy. (rN+)
You are resistant to electric shocks. (rElec)
You are resistant to unholy torment.
You are immune to petrification.


   Skills:
 - Level 3.2 Fighting
 + Level 4.2 Axes
 - Level 3.2 Armour
 - Level 3.2 Shields


You had 3 spell levels left.
You didn't know any spells.
Your spell library was empty.

Inventory:

Hand Weapons
 k - a +0 mace
 Y - a +0 war axe (weapon)
Armour
 c - a +0 buckler (worn)
 e - a +0 chain mail (worn)
Jewellery
 b - a +6 ring of intelligence
 h - an amulet of magic regeneration
 l - a ring of protection from fire
 m - a ring of ice
Scrolls
 a - a scroll of enchant armour
Potions
 d - 2 potions of might
 f - a potion of heal wounds {unknown}
 g - a potion of ambrosia {unknown}
 i - 2 potions of enlightenment
 j - 2 potions of degeneration {unknown}
 n - a potion of experience {unknown}
 o - a potion of berserk rage {unknown}

Dungeon Overview and Level Annotations

Branches:
Dungeon (3/15)

Altars:


Message History

You hit the rat but do no damage. You block the rat's attack.
The rat bites you but does no damage.
You hit the rat.
You kill the rat!
You see here a rat corpse.
A ball python comes into view.
The ball python hisses angrily.
The ball python moves out of view.
Enter note:
Enter note:
Enter note:
Enter note: A ball python and a kobold come into view.
The kobold shouts!
The kobold moves out of view.
You see here a murky pink potion.
You slash the ball python!
You kill the ball python!
You hit the kobold.
The kobold is severely wounded.
The kobold closely misses you.
You slash the kobold!
You kill the kobold!
A jelly comes into view.
The jelly quivers.
You hit the jelly but do no damage.
Your hands burn!
The jelly hits you but does no damage.
You hit the jelly.
Your hands burn!
The jelly is lightly wounded.
The jelly hits you but does no damage. x2
You hit the jelly.
Your hands burn!
The jelly is lightly wounded.
You block the jelly's attack.
You slash the jelly!
Your hands burn!
The jelly is severely wounded.
The jelly closely misses you.
You hit the jelly but do no damage.
Your hands burn!
The jelly is severely wounded.
The jelly hits you.
You are splashed with acid!
You die...

#..##...........#
#.###...........# ..#
##########+## .## #.#
.#### #.# ....# #.#
###.##########.##
................#####
###%####### #..@J..#
......# #.####.....
.###..# #.# ... .#
#..# #.# . .# #..#
####.# <#
#..#####....#
.###......##.### ##
.....####.##.# ..
.##### #....# ..


You could see a jelly.

Vanquished Creatures
  4 adders
  An ufetubus (D:3)
  A worm (D:1)
  An orc (D:2)
  3 ball pythons
  3 endoplasms
  A giant cockroach (D:1)
  4 goblins
  4 hobgoblins
  5 jackals (D:1)
  6 kobolds
  A quokka (D:2)
  3 bats
  2 frilled lizards
  2 rats
41 creatures vanquished.

Notes
Turn   | Place    | Note
-------+----------+-------------------------------------------
     0 | D:1      | qw the Gargoyle Fighter began the quest for the Orb.
     0 | D:1      | Reached XP level 1. HP: 14/14 MP: 1/1
     0 | D:1      | 0 ||| qw: Version: 0.3-a-9-g12657ce
     0 | D:1      | 0 ||| qw: Game counter: 1547
     0 | D:1      | 0 ||| qw: Always use a shield: true
     0 | D:1      | 0 ||| qw: God list: Okawaru
     0 | D:1      | 0 ||| qw: Allow faded altars: false
     0 | D:1      | 0 ||| qw: Do Orc after D:15 true
     0 | D:1      | 0 ||| qw: Do second Lair branch before Depths: true
     0 | D:1      | 0 ||| qw: Lair rune preference: random
     0 | D:1      | 0 ||| qw: Plans: Normal, Zot:1-4, Slime:5, God:TSO, Crypt,
                  | Tomb, Abyss, Pan, Hells, Win
     0 | D:1      | 0 ||| PLANNING D:1-11
    15 | D:1      | Found a faded altar of an unknown god.
    56 | D:1      | Reached skill level 2 in Axes
   129 | D:1      | 129 ||| Stepping ~*~*~tactically~*~*~ (stealth).
   130 | D:1      | 130 ||| Stepping ~*~*~tactically~*~*~ (stealth).
   132 | D:1      | Reached XP level 2. HP: 19/19 MP: 2/2
   277 | D:1      | 277 ||| DROPPING +0 club.
   573 | D:1      | 573 ||| READING 2 scrolls labelled MONLIF COFEQOA.
   574 | D:1      | 574 ||| READING 2 scrolls labelled QAESOXT EMUS.
   575 | D:1      | 575 ||| READING 2 scrolls labelled RYCIRUFUMA.
   576 | D:1      | 576 ||| READING 3 scrolls labelled EFUPLOREAGEK.
   577 | D:1      | 577 ||| DROPPING scroll of immolation.
   578 | D:1      | 578 ||| DROPPING scroll of blinking.
   579 | D:1      | 579 ||| DROPPING 2 scrolls of amnesia.
   601 | D:2      | 601 ||| STAIRDANCE
   604 | D:1      | Reached skill level 3 in Axes
   604 | D:1      | Reached XP level 3. HP: 22/23 MP: 3/3
  1002 | D:2      | 1002 ||| UPGRADING to +0 chain mail.
  1012 | D:2      | 1012 ||| DROPPING +0 scale mail.
  1013 | D:2      | 1013 ||| DROPPING ring of magical power.
  1014 | D:2      | 1014 ||| READING scroll labelled PUOSTR EBIE.
  1015 | D:2      | 1015 ||| READING 2 scrolls labelled LINIOGG NATIH.
  1016 | D:2      | 1016 ||| READING scroll labelled EWNOBR ROHUAB.
  1017 | D:2      | 1017 ||| READING scroll labelled HYEDIYQ KUTUJ.
  1018 | D:2      | 1018 ||| DRINKING 3 fizzy dark potions.
  1019 | D:2      | 1019 ||| DROPPING scroll of poison.
  1153 | D:3      | Reached XP level 4. HP: 26/28 MP: 4/4
  1265 | D:3      | Reached skill level 4 in Axes
  1455 | D:3      | Splashed by a jelly's acid

Levels and vault maps discovered:
D:1:      dpeg_arrival_long_road, layout_basic,
          hellmonk_ecumenical_altar_run_dry
D:2:      layout_rooms, minmay_tiny_reverse_x
D:3:      layout_basic

Skill      XL: |  1  2  3  4 |
---------------+-------------+-----
Axes           | 2 3 4 |  4.2
Fighting       | |  3.2
Armour         | |  3.2
Shields        | |  3.2

Action                     |  1- 3 |  4- 6 || total
---------------------------+-------+-------++-------
  Melee: War axe           |    88 |    37 ||   125
    Use: Scroll            |     8 |       ||     8
         Potion            |     1 |       ||     1
 Armour: Scale mail        |    33 |       ||    33
         Chain mail        |    10 |    20 ||    30
  Dodge: Dodged            |    33 |    12 ||    45
  Block: Buckler           |    10 |     5 ||    15

Table legend:
 A = Non-vault XP
 B = Vault XP
 C = Vault XP percentage of total XP
 D = Non-vault monster count
 E = Vault monster count
 F = Vault count percentage of total count
                 A         B        C        D         E       F
            +---------+---------+-------+---------+---------+-------
      Total |     124 |       3 |   2.4 |      39 |       2 |   4.9
            +---------+---------+-------+---------+---------+-------
        D:1 |      34 |       0 |   0.0 |      17 |       0 |   0.0
        D:2 |      32 |       3 |   8.6 |      11 |       2 |  15.4
        D:3 |      58 |       0 |   0.0 |      11 |       0 |   0.0
            +---------+---------+-------+---------+---------+-------
